 Dungeon Crawl Stone Soup version 0.26-a0-412-ga3d1f51b (webtiles) character file.

Game seed: 3490990966357332905

65182 silenth the Frost Mage (level 14, -9/83 HPs)
             Began as a Deep Elf Ice Elementalist on July 25, 2020.
             Was the Champion of Vehumet.
             Mangled by an ettin
             ... wielding a +0 dire flail
              (41 damage)
             ... on level 2 of the Orcish Mines.
             The game lasted 00:57:01 (32044 turns).

silenth the Frost Mage (Deep Elf Ice Elementalist) Turns: 32044, Time: 00:57:02

Health: -9/83      AC: 21    Str:  5    XL:     14   Next: 74%
Magic:  23/31      EV: 16    Int: 34    God:    Vehumet [******]
Gold:   2123       SH: 14    Dex: 18    Spells: 11/35 levels left

rFire    . . .     SeeInvis .   a - +5 trident (vamp)
rCold    . . .     Faith    .   M - +0 tower shield of Nucue {rElec rN+ Int+2 Dex+3}
rNeg     + . .     Spirit   .   V - +2 robe {Archmagi}
rPois    .         Reflect  .   m - +2 helmet
rElec    +         Harm     .   l - +2 cloak
rCorr    .                      N - +2 pair of gloves {archery}
MR       +....                  E - +2 pair of boots
Stlth    +++.......             (no amulet)
HPRegen  0.23/turn              O - +4 ring of protection
MPRegen  0.22/turn              h - +6 ring of intelligence

@: no status effects
A: no striking features
a: Renounce Religion


You were on level 2 of the Orcish Mines.
You worshipped Vehumet.
Vehumet was exalted by your worship.
You visited 3 branches of the dungeon, and saw 20 of its levels.
You also visited: Bailey and Gauntlet.

You collected 2469 gold pieces.
You spent 346 gold pieces at shops.

Inventory:

Hand Weapons
 a - a +5 vampiric trident (weapon)
 b - a +5 long sword of flaming
Missiles
 L - 3 throwing nets (quivered)
Armour
 l - a +2 cloak (worn)
 m - a +2 helmet (worn)
 E - a +2 pair of boots (worn)
 M - the +0 tower shield of Nucue (worn) {rElec rN+ Int+2 Dex+3}
   (You found it on level 2 of the Lair of Beasts)

   It affects your intelligence (+2).
   It affects your dexterity (+3).
   It insulates you from electricity.
   It protects you from negative energy.
 N - a +2 pair of gloves of archery (worn)
 V - a +2 robe of the Archmagi (worn)
Jewellery
 f - an uncursed ring of positive energy
 g - an uncursed ring of flight
 h - a +6 ring of intelligence (right hand)
 O - a +4 ring of protection (left hand)
 P - an uncursed ring of protection from cold
Wands
 y - a wand of clouds (9)
 C - a wand of polymorph (7)
 F - a wand of iceblast (35)
 G - a wand of flame (35)
 K - a wand of paralysis (16)
 R - a wand of acid (8)
 U - a wand of digging (17)
Scrolls
 i - 9 scrolls of identify
 j - 5 scrolls of immolation
 k - 8 scrolls of teleportation
 n - 6 scrolls of blinking
 q - 4 scrolls of amnesia
 r - 5 scrolls of remove curse
 w - a scroll of enchant armour
 H - a scroll of fear
Potions
 c - 3 potions of haste
 d - 3 potions of might
 e - 2 potions of brilliance
 o - 5 potions of magic
 p - 2 potions of invisibility
 s - 3 potions of flight
 t - 4 potions of resistance
 u - 2 potions of berserk rage
 v - 2 potions of ambrosia
 x - 4 potions of stabbing
 z - 3 potions of lignification
 A - 3 potions of heal wounds
 B - 4 potions of mutation
 I - a potion of cancellation
 J - 2 potions of curing
Miscellaneous
 D - a lightning rod (4/4)
 Q - a box of beasts


   Skills:
 + Level 7.9 Fighting
 - Level 4.0 Armour
 * Level 9.3 Dodging
 - Level 6.0 Stealth
 * Level 8.6 Shields
 - Level 11.0 Spellcasting
 - Level 7.0 Conjurations
 - Level 8.0 Summonings
 - Level 4.5 Translocations
 + Level 13.9 Ice Magic
 - Level 8.0 Air Magic
 + Level 5.5 Evocations


You had 11 spell levels left.
You knew the following spells:

 Your Spells              Type           Power        Failure   Level
a - Freeze                Ice            ####         1%          1
b - Frozen Ramparts       Ice            ######       1%          3
c - Hailstorm             Conj/Ice       #######.     1%          4
d - Summon Ice Beast      Ice/Summ       #######.     2%          4
e - Airstrike             Air            #######...   2%          4
f - Blink                 Tloc           N/A          4%          2
g - Ozocubu's Refrigerat  Ice            ########..   2%          6

Your spell library contained the following spells:

 Spells                   Type           Power        Failure   Level
 Orb of Destruction       Conj           #######...   90%         7
 Magic Dart               Conj           ####         1%          1
 Summon Small Mammal      Summ           ####         1%          1
 Call Imp                 Summ           #######.     1%          2
 Ensorcelled Hibernation  Hex/Ice        ######       1%          2
 Ozocubu's Armour         Ice            ########     1%          3
 Mephitic Cloud           Conj/Pois/Air  ######..     2%          3
 Apportation              Tloc           ######       3%          1
 Conjure Flame            Conj/Fire      ######..     4%          3
 Dazzling Flash           Conj/Hex       ######       4%          3
 Stone Arrow              Conj/Erth      ######       4%          3
 Sandblast                Erth           ####..       5%          1
 Poisonous Vapours        Pois/Air       ######       6%          2
 Gell's Gravitas          Tloc           ######....   10%         3
 Lesser Beckoning         Tloc           ######....   10%         3
 Ice Form                 Ice/Tmut       #######.     12%         4
 Freezing Cloud           Conj/Ice/Air   #######...   16%         6
 Corona                   Hex            ####...      21%         1
 Passwall                 Tmut/Erth      ####....     30%         2
 Slow                     Hex            ####....     30%         2
 Metabolic Englaciation   Hex/Ice        #######...   32%         5
 Confusing Touch          Hex            ####....     52%         3
 Tukima's Dance           Hex            ####....     52%         3
 Lee's Rapid Deconstruct  Erth           ####......   77%         5
 Yara's Violent Unravell  Hex/Tmut       ####......   77%         5
 Simulacrum               Ice/Necr       #######...   87%         6
 Petrify                  Tmut/Erth      ####....     89%         4
 Alistair's Intoxication  Tmut/Pois      ####.....    99%         5
 Invisibility             Hex            ####....     100%        6


Dungeon Overview and Level Annotations

Branches:
Dungeon (12/15)            Temple (0/1) D:7            Lair (6/6) D:11
  Swamp (0/4) Lair:2        Snake (0/4) Lair:3        Slime (0/5) Lair:6
    Orc (2/2) D:11         Bailey (visited)         Gauntlet (visited)
    Elf: Orc:2

Altars:
Ashenzari
Cheibriados
Dithmenos
Gozag
Makhleb
Nemelex Xobeh
Ru
Sif Muna
Vehumet
Wu Jian
Xom
Zin
The Shining One
Beogh

Shops:
D:5 *   D:6 [   D:8 *   D:12 *   Orc:2 :

Annotations:
D:4 2 runed translucent doors, YayAnonymity's ghost, novice FoFi
D:10 3 runed translucent doors, Izagef's ghost, journeyman HOFi
Lair:2 2 transporters, Xacuf's ghost, journeyman TrMo
Lair:3 1 runed translucent door, Tudghun's ghost, journeyman MfSk
Orc:1 2 transporters


Message History

Press: ? - help, Dir - move target cursor, f/p - ettin
Aim: an ettin, wielding two +0 dire flails (heavily wounded)
You hit the ettin but do no damage.
The ettin is heavily wounded.
Your ice beast hits the ettin but does no damage.
The wall freezes the ettin!
The ettin misses you. x2
Your ice beast barely misses the ettin.
The wall freezes the ettin!
The wall freezes the ettin!
Attack whom?
Press: ? - help, Dir - move target cursor, f/p - ettin
Aim: an ettin, wielding two +0 dire flails (almost dead)
You hit the ettin but do no damage.
The ettin is almost dead.
The frozen ramparts melt away.
The ettin closely misses you. x2
Your ice beast hits the ettin but does no damage.
You hit the ettin.
The ettin is almost dead.
The ettin hits you with a +0 dire flail!!
The ettin hits you with a +0 dire flail!!!
You die...

..........#..).)........###
..((.(...##....)##........#####
...#).)........)#.#........#..##
..##.)..........###............#
.##.............###...........##
.###..........####..........###
.#.#..........Y.####.........#
...............C.#........#.##
.........#......@.........###
........####.#........##.##
.........# ####........###
........## #......#####
.#.....## #........# ##.#.###
##.#....## ##### ####.#.# #####


You could see an ettin and a friendly ice beast (summoned).

Vanquished Creatures
  A stone giant (Orc:2)
  A dire elephant (Lair:6)
  A minotaur (Gauntlet)
  Josephine (D:12)
  2 hydras
  An anaconda (Lair:6)
  4 two-headed ogres
  A death knight (D:12)
  Urug (Lair:6)
  Pikel (D:4)
  A wizard (Gauntlet)
  A phantasmal warrior (D:11)
  An ugly thing (D:12)
  An orc sorcerer (Orc:1)
  3 oklob plants
  A mana viper (shapeshifter) (D:11)
  3 black mambas
  A moth of wrath (Gauntlet)
  6 elephants
  9 cane toads
  Joseph (Lair:1)
  Maurice (Orc:1)
  6 rime drakes
  A freezing wraith (D:12)
  6 komodo dragons
  A hornet (D:12)
  7 trolls
  Prince Ribbit (D:5)
  9 blink frogs
  6 dream sheep (Lair:4)
  3 hippogriffs
  A shadow (D:9)
  Sigmund (D:2)
  21 yaks
  4 spriggans (Lair:2)
  A wraith (D:12)
  5 basilisks
  2 swamp worms (Gauntlet)
  A warg (Orc:2)
  3 water moccasins
  Duvessa (D:6)
  An ice beast (D:10)
  A hornet zombie (D:11)
  5 porcupines
  12 orc warriors
  4 sky beasts
  A necrophage (D:6)
  15 ogres
  29 wolves
  4 phantoms
  A lemure (D:4)
  5 centaurs
  14 crocodiles
  14 bullfrogs
  A komodo dragon zombie (Lair:3)
  2 big kobolds
  4 gnoll sergeants
  Dowan (D:6)
  4 scorpions
  5 killer bees (D:10)
  20 wights
  7 electric eels
  4 howler monkeys
  2 centaur zombies
  A crimson imp (D:3)
  3 hounds
  A basilisk zombie (Lair:3)
  19 orc priests
  23 orc wizards
  Crazy Yiuf (D:2)
  2 centaur skeletons
  A gnoll shaman (D:6)
  4 jellies
  2 iguanas
  Terence (D:3)
  8 worker ants
  A killer bee zombie (D:7)
  2 hound skeletons
  2 worker ant zombies
  A howler monkey zombie (D:5)
  19 gnolls
  10 adders
  A shadow imp (D:5)
  3 white imps
  A nameless horror (D:12)
  4 ufetubi
  2 oozes (D:2)
  4 worms
  A dart slug (D:1)
  4 leopard geckos
  100 orcs
  2 bats
  4 giant cockroaches
  11 goblins
  5 hobgoblins
  5 jackals
  5 quokkas
  A ball python (D:7)
  7 frilled lizards
  A jackal skeleton (D:6)
  A jackal zombie (D:4)
  24 kobolds
  3 leopard gecko skeletons
  A quokka skeleton (D:6)
  A quokka zombie (D:8)
  8 rats
  2 butterflies (Lair:4)
  A fungus (Lair:2)
  9 plants
591 creatures vanquished.

Vanquished Creatures (collateral kills)
  4 dire elephants (Lair:6)
  Snorg (D:11)
  An ettin (Orc:2)
  Harold (D:7)
  4 hydras
  A catoblepas (D:12)
  2 two-headed ogres
  An orc high priest (Orc:2)
  An unseen horror (D:10)
  A deep elf mage (D:12)
  A wolf spider zombie (D:10)
  A cyclops (Orc:2)
  A necromancer (Lair:3)
  6 elephants
  2 centaur zombies
  A black mamba (Lair:2)
  4 cane toads
  5 rime drakes
  Maggie (D:10)
  A minotaur zombie (Gauntlet)
  A komodo dragon (Lair:6)
  2 trolls (Orc:2)
  6 hippogriffs
  6 blink frogs (Lair:3)
  A bog body (Lair:2)
  5 dream sheep (Lair:5)
  5 wraiths
  2 spriggans (Lair:2)
  16 yaks
  A basilisk (Lair:3)
  A swamp worm (Gauntlet)
  3 water moccasins
  3 porcupines
  6 orc warriors
  2 ice beasts
  A sky beast (D:11)
  An elephant zombie (Lair:3)
  3 ogres
  A phantom (D:7)
  3 wolves (Lair:1)
  4 crocodiles
  2 bullfrogs
  A scorpion (D:10)
  A killer bee (D:10)
  4 wights
  A howler monkey (D:10)
  A quasit (D:10)
  2 hounds (D:10)
  An orc wizard (D:11)
  2 orc priests
  A jelly (D:9)
  4 worker ants
  A hound skeleton (D:9)
  3 gnolls
  An adder (D:11)
  5 white imps
  2 ufetubi
  14 orcs
  A frilled lizard (D:5)
  A quokka zombie (D:5)
  2 plants
163 creatures vanquished.

Vanquished Creatures (others)
  2 fungi
  12 plants
14 creatures vanquished.

Grand Total: 768 creatures vanquished

Notes
Turn   | Place    | Note
-------+----------+-------------------------------------------
     0 | D:1      | silenth the Deep Elf Ice Elementalist began the quest for
                  | the Orb.
     0 | D:1      | Reached XP level 1. HP: 10/10 MP: 6/6
   380 | D:1      | Reached XP level 2. HP: 14/15 MP: 5/8
   977 | D:2      | Reached skill level 5 in Ice Magic
  1080 | D:2      | Noticed Sigmund
  1091 | D:2      | Killed Sigmund
  1091 | D:2      | Reached skill level 4 in Spellcasting
  1091 | D:2      | Reached skill level 6 in Ice Magic
  1091 | D:2      | Reached XP level 3. HP: 19/19 MP: 3/11
  1091 | D:2      | Reached XP level 4. HP: 24/24 MP: 3/12
  1091 | D:2      | Reached XP level 5. HP: 28/28 MP: 3/14
  1096 | D:2      | Learned a level 3 spell: Frozen Ramparts
  1101 | D:2      | Learned a level 4 spell: Hailstorm
  1106 | D:2      | Learned a level 4 spell: Summon Ice Beast
  1397 | D:2      | Found a snail-covered altar of Cheibriados.
  1424 | D:2      | Found a runed translucent door.
  1545 | D:2      | Reached skill level 5 in Spellcasting
  2346 | D:2      | Noticed Crazy Yiuf
  2353 | D:2      | Killed Crazy Yiuf
  2701 | D:3      | Found a shimmering blue altar of Sif Muna.
  2708 | D:3      | Found a radiant altar of Vehumet.
  2709 | D:3      | Found a shimmering altar of Xom.
  2716 | D:3      | Became a worshipper of Vehumet
  2740 | D:3      | Reached XP level 6. HP: 32/32 MP: 13/15
  2743 | D:3      | Reached skill level 1 in Conjurations
  2743 | D:3      | Reached skill level 1 in Summonings
  2939 | D:3      | Found a burning altar of Makhleb.
  2946 | D:3      | Reached skill level 1 in Shields
  3077 | D:3      | Noticed Terence
  3082 | D:3      | Killed Terence
  3082 | D:3      | Reached skill level 7 in Ice Magic
  3604 | D:4      | Reached XP level 7. HP: 17/36 MP: 10/17
  3619 | D:4      | Reached skill level 2 in Summonings
  3795 | D:4      | Found a sacrificial altar of Ru.
  3983 | D:4      | Noticed Pikel
  3992 | D:4      | Killed Pikel
  3992 | D:4      | Reached skill level 2 in Shields
  3992 | D:4      | Reached skill level 6 in Spellcasting
  3992 | D:4      | Reached skill level 3 in Conjurations
  3992 | D:4      | Reached skill level 3 in Summonings
  3992 | D:4      | Reached skill level 8 in Ice Magic
  3992 | D:4      | Reached XP level 8. HP: 28/41 MP: 12/19
  4226 | D:4      | Reached * piety under Vehumet
  4226 | D:4      | Offered knowledge of Shock by Vehumet.
  4495 | D:4      | Found a large runed translucent door.
  4495 | D:4      | Found a large runed translucent door.
  4499 | D:4      | Noticed YayAnonymity's ghost (novice FoFi)
  5102 | D:5      | Entered Level 5 of the Dungeon
  5111 | D:5      | Reached skill level 9 in Ice Magic
  5175 | D:5      | Reached skill level 4 in Conjurations
  5175 | D:5      | Reached skill level 4 in Summonings
  5544 | D:5      | Noticed Prince Ribbit
  5559 | D:5      | Killed Prince Ribbit
  5948 | D:5      | Found a sparkling altar of Nemelex Xobeh.
  6027 | D:5      | Found an opulent altar of Gozag.
  6052 | D:5      | Reached skill level 10 in Ice Magic
  6133 | D:5      | Found Vaziviy's General Store.
  6138 | D:5      | Bought a potion of heal wounds for 55 gold pieces
  6138 | D:5      | Bought a scroll of enchant armour for 82 gold pieces
  6182 | D:5      | Reached XP level 9. HP: 10/46 MP: 18/20
  6333 | D:5      | Offered knowledge of Searing Ray by Vehumet.
  6333 | D:5      | Reached skill level 5 in Summonings
  6843 | D:5      | Reached skill level 1 in Fighting
  6863 | D:5      | Found a shadowy altar of Dithmenos.
  6866 | D:5      | Reached ** piety under Vehumet
  7097 | D:5      | Reached skill level 5 in Conjurations
  7692 | D:6      | Found a glowing silver altar of Zin.
  8104 | D:5      | Found a glowing golden altar of the Shining One.
  8206 | D:6      | Reached skill level 3 in Dodging
  8234 | D:6      | Noticed Duvessa
  8234 | D:6      | Noticed Dowan
  8237 | D:6      | Killed Dowan
  8240 | D:6      | Killed Duvessa
  8268 | D:6      | Found Zabboul's Armour Shop.
  8438 | D:7      | Reached skill level 2 in Fighting
  8449 | D:7      | Offered knowledge of Mephitic Cloud by Vehumet.
  8606 | D:7      | Reached *** piety under Vehumet
  8606 | D:7      | Reached skill level 11 in Ice Magic
  8615 | D:7      | Noticed Harold
  8619 | D:7      | Found a staircase to the Ecumenical Temple.
  8795 | D:7      | Reached skill level 3 in Shields
  8795 | D:7      | Reached skill level 6 in Summonings
  8846 | D:7      | Reached skill level 4 in Dodging
  8891 | D:7      | Killed Harold
  8891 | D:7      | Reached skill level 6 in Conjurations
  8891 | D:7      | Reached XP level 10. HP: 42/53 MP: 13/21
  9111 | D:7      | Identified the +1 robe of the Beginning {Harm rPois MR++
                  | Int-2}
  9113 | D:7      | Offered knowledge of Airstrike by Vehumet.
  9149 | D:7      | Learned a level 4 spell: Airstrike
  9368 | D:7      | Learned a level 2 spell: Blink
  9719 | D:8      | Found a shattered altar of Ashenzari.
  9756 | D:8      | Reached **** piety under Vehumet
  9826 | D:8      | Found Voalaer's General Store.
  9834 | D:8      | Bought a scroll of magic mapping for 52 gold pieces
  9834 | D:8      | Bought a potion of curing for 45 gold pieces
  9834 | D:8      | Bought a scroll of enchant armour for 112 gold pieces
 10176 | D:8      | Offered knowledge of Irradiate by Vehumet.
 10176 | D:8      | Reached skill level 1 in Translocations
 10256 | D:8      | Reached skill level 1 in Air Magic
 10653 | D:9      | Reached skill level 3 in Fighting
 10834 | D:9      | Reached skill level 2 in Translocations
 10998 | D:9      | Reached skill level 2 in Air Magic
 11093 | D:9      | Found an ornate altar of the Wu Jian Council.
 11268 | D:9      | Found a glowing golden altar of the Shining One.
 11490 | D:9      | Reached ***** piety under Vehumet
 11497 | D:9      | Offered knowledge of Ozocubu's Refrigeration by Vehumet.
 11855 | D:10     | Entered Level 10 of the Dungeon
 11864 | D:10     | Reached skill level 5 in Dodging
 11865 | D:10     | Reached skill level 3 in Translocations
 12084 | D:10     | Reached skill level 3 in Air Magic
 12151 | D:10     | Found a runed translucent gate.
 12151 | D:10     | Found a runed translucent gate.
 12153 | D:10     | Killed an unseen horror
 12153 | D:10     | Reached skill level 4 in Shields
 12262 | D:10     | Found a runed translucent gate.
 12262 | D:10     | Noticed Izagef's ghost (journeyman HOFi)
 12285 | D:10     | Noticed Maggie
 12292 | D:10     | Reached XP level 11. HP: 59/59 MP: 16/23
 12295 | D:10     | Killed Maggie
 12300 | D:10     | Reached skill level 7 in Spellcasting
 12300 | D:10     | Reached skill level 7 in Summonings
 12300 | D:10     | Reached skill level 12 in Ice Magic
 12427 | D:10     | Learned a level 6 spell: Ozocubu's Refrigeration
 12435 | D:10     | Noticed a two-headed ogre
 12485 | D:10     | Reached skill level 4 in Air Magic
 12888 | D:10     | Reached skill level 1 in Evocations
 12888 | D:10     | Reached skill level 4 in Fighting
 13300 | D:10     | Noticed a two-headed ogre
 13302 | D:10     | Reached skill level 3 in Stealth
 13307 | D:10     | Killed a two-headed ogre
 13307 | D:10     | Reached skill level 8 in Spellcasting
 13497 | D:11     | Found a staircase to the Lair.
 13515 | D:11     | Reached skill level 2 in Evocations
 13523 | D:11     | Reached skill level 5 in Air Magic
 13561 | D:11     | Noticed a mana viper
 13569 | D:11     | Killed a mana viper
 13569 | D:11     | Offered knowledge of Lightning Bolt by Vehumet.
 13569 | D:11     | Reached skill level 7 in Conjurations
 13888 | D:11     | Reached skill level 4 in Stealth
 14162 | D:11     | Reached skill level 9 in Spellcasting
 14280 | D:11     | Found a staircase to the Orcish Mines.
 14286 | D:11     | Reached skill level 6 in Dodging
 14640 | Lair:1   | Entered Level 1 of the Lair of Beasts
 14664 | Lair:1   | Noticed Joseph
 14675 | Lair:1   | Killed Joseph
 14675 | Lair:1   | Reached skill level 3 in Evocations
 14862 | Lair:1   | Reached skill level 6 in Air Magic
 14866 | Lair:1   | Reached XP level 12. HP: 67/67 MP: 14/27
 14866 | Lair:1   | Reached skill level 5 in Fighting
 14869 | Lair:1   | Reached skill level 7 in Air Magic
 14869 | Lair:1   | Reached skill level 7 in Dodging
 15546 | Lair:1   | Reached skill level 1 in Armour
 16373 | Lair:2   | Got a faintly humming tower shield
 16390 | Lair:1   | Identified the cursed +0 tower shield of Nucue {rElec rN+
                  | Int+2 Dex+3} (You found it on level 2 of the Lair of
                  | Beasts)
 16824 | Lair:2   | Found a transporter.
 16824 | Lair:2   | Noticed Xacuf's ghost (journeyman TrMo)
 16829 | Lair:2   | Noticed a four-headed hydra
 16844 | Lair:2   | Found a transporter.
 16910 | Lair:2   | Reached skill level 2 in Armour
 17315 | Lair:2   | Offered knowledge of Bolt of Magma by Vehumet.
 17357 | Lair:2   | Reached skill level 5 in Stealth
 17576 | Lair:2   | Found a staircase to the Swamp.
 17850 | Lair:2   | Reached skill level 4 in Evocations
 18161 | Lair:3   | Found a staircase to the Snake Pit.
 18187 | Lair:3   | Found a runed translucent door.
 18425 | Lair:3   | Reached skill level 3 in Armour
 19305 | Lair:3   | Reached skill level 8 in Dodging
 19720 | Lair:3   | Noticed Tudghun's ghost (journeyman MfSk)
 20059 | Lair:3   | Reached XP level 13. HP: 74/74 MP: 21/28
 20254 | Lair:3   | Reached skill level 6 in Stealth
 20687 | Lair:4   | Reached skill level 8 in Air Magic
 20847 | Lair:4   | Reached skill level 4 in Armour
 20903 | Lair:4   | Reached skill level 6 in Fighting
 20904 | Lair:4   | Reached skill level 10 in Spellcasting
 21247 | Lair:4   | Reached skill level 5 in Shields
 21693 | Lair:4   | Reached skill level 4 in Translocations
 23516 | Lair:6   | Entered Level 6 of the Lair of Beasts
 23574 | Lair:6   | Reached skill level 8 in Summonings
 23574 | Lair:6   | Reached skill level 13 in Ice Magic
 23580 | Lair:6   | Reached skill level 6 in Shields
 23591 | Lair:6   | Found a gate leading to a gauntlet.
 23616 | Gauntlet | Entered a Gauntlet
 23616 | Gauntlet | Found a transporter.
 23687 | Gauntlet | Found a transporter.
 23690 | Gauntlet | Found a transporter.
 23691 | Gauntlet | Found a transporter.
 23702 | Gauntlet | Found a transporter.
 23703 | Gauntlet | Found a transporter.
 23707 | Gauntlet | Found a transporter.
 23709 | Gauntlet | Found a runed translucent gate.
 23709 | Gauntlet | Found a runed translucent gate.
 23711 | Gauntlet | Found a transporter.
 23714 | Gauntlet | Found a transporter.
 23715 | Gauntlet | Found a transporter.
 23723 | Gauntlet | Found a runed translucent gate.
 23726 | Gauntlet | Found a transporter.
 23727 | Gauntlet | Found a transporter.
 23728 | Gauntlet | Found a transporter.
 23729 | Gauntlet | Noticed a reaper
 23744 | Gauntlet | Found a transporter.
 24221 | Gauntlet | Noticed a minotaur
 24224 | Gauntlet | Killed a minotaur
 24231 | Gauntlet | Identified the Papyrus of Poisoning and Slavery
 24664 | Lair:6   | Reached skill level 7 in Fighting
 24872 | Lair:6   | Found a staircase to the Slime Pits.
 24890 | Lair:6   | Noticed Urug
 24900 | Lair:6   | Killed Urug
 25067 | Lair:6   | Reached skill level 7 in Shields
 25753 | Lair:6   | Reached XP level 14. HP: 82/82 MP: 30/30
 27073 | D:12     | HP: 5/82 [phantasmal warrior[a death knight] (31)]
 27348 | D:12     | Found a flagged portal.
 27382 | Bailey   | Entered a bailey
 27460 | Bailey   | Found an iron altar of Okawaru.
 27947 | D:12     | Noticed Josephine
 27957 | D:12     | Killed Josephine
 28299 | D:12     | Noticed Snorg
 28308 | D:11     | Killed Snorg
 28624 | D:12     | Reached skill level 8 in Shields
 29165 | D:12     | Paralysed by a hornet for 2 turns
 29445 | D:12     | Reached skill level 5 in Evocations
 29700 | D:12     | Found Qagicw's Mass Market.
 29843 | Orc:1    | Entered Level 1 of the Orcish Mines
 29843 | Orc:1    | Noticed Maurice
 29860 | Orc:1    | Killed Maurice
 30161 | Orc:1    | Found a transporter.
 30163 | Orc:1    | Found a transporter.
 30507 | Orc:1    | Noticed a stone giant
 30509 | Orc:1    | Found a roughly hewn altar of Beogh.
 30509 | Orc:1    | Identified the +11 flail of the Leaping Owl {flame, rPois
                  | Dex+4}
 30828 | Orc:1    | Noticed a stone giant
 30869 | Orc:2    | Entered Level 2 of the Orcish Mines
 30876 | Orc:2    | Noticed a stone giant
 30884 | Orc:2    | Killed a stone giant
 31197 | Orc:2    | Found a roughly hewn altar of Beogh.
 31410 | Orc:2    | Reached skill level 9 in Dodging
 31410 | Orc:2    | Reached skill level 11 in Spellcasting
 31810 | Orc:2    | Found Fuicsawo's Book Shoppe.
 31836 | Orc:2    | Reached ****** piety under Vehumet
 31953 | Orc:2    | Offered knowledge of Orb of Destruction by Vehumet.
 32044 | Orc:2    | Mangled by an ettin

Illustrated notes

Levels and vault maps discovered:
D:1:      minmay_arrival_diagonal_passages, layout_loops_corners
D:2:      layout_basic, minmay_misc_feat_pillars, cheibriados_altar_1,
          uniq_crazy_yiuf_cottage, uniq_sigmund
D:3:      layout_basic, makhleb_grotto_becter, minitemple, uniq_terence
D:4:      layout_loops_ring, lemuel_doored_altar, ebering_ghost_disaster_area,
          uniq_pikel
D:5:      lemuel_upstairs_altar, layout_basic, lemuel_coloured_pillars_altar,
          kennysheep_mini_moat, basic_altar, serial_shops, nicolae_shop_crystal,
          eino_small_chamber_without_monster, guppyfry_early_orc_mine,
          uniq_prince_ribbit1
D:6:      layout_loops_ring, serial_shops, shop, lemuel_tele_altar, uniq_duvessa
D:7:      layout_basic, minmay_temple_entry_from_below_a, uniq_harold
D:8:      layout_cave_pods, ashenzari_conservatory_becter, serial_shops,
          shop_fountains
D:9:      layout_rooms, lemuel_crystal_altar, nicolae_overflow_crystal_walls,
          special_room [special_room_orc]
D:10:     layout_long_grid, gammafunk_ghost_split, serial_bayou_pond_b,
          uniq_maggie
D:11:     layout_rooms, minmay_lair_entry_grove, hiddenorc2_lemuel, st_stairs_3
D:12:     layout_loops_cross, enter_bailey_3, minmay_shop_mass, uniq_snorg,
          uniq_josephine
Lair:1:   layout_cave_pods, grunt_forest_large_clearings,
          infiniplex_staircase_pool_2, uniq_joseph
Lair:2:   layout_gridlike, skrybe_swamp_entry_bodies, gammafunk_ghost_arena,
          wad_woods_01
Lair:3:   pond_and_an_island_with_a_cottage, layout_cave_pods,
          hellmonk_ghost_happy_afterlife, serial_bayou_shore_b
Lair:4:   layout_gridlike, minmay_lair_drake_nest, lemuel_fruit_fields,
          grunt_megastairs_4, lemuel_fruit_fields, lemuel_fruit_tree
Lair:5:   layout_regular_city, wad_woods_river_04, serial_bayou_pond_e,
          grunt_megastairs_5
Lair:6:   due_jungle_book, layout_loops_ring, minmay_slime_entry_oklob_open,
          gauntlet_entry_generic, st_stairs_10, serial_bayou_ford_a,
          patterned_corridor, grunt_megastairs_1, uniq_urug
Orc:1:    gammafunk_beogh_shrine, layout_caves, uniq_maurice
Orc:2:    st_orc_open, layout_diamond_mine, mines1_david

Skill      XL: |  1  2  3  4  5  6  7  8  9 10 11 12 13 14 |
---------------+-------------------------------------------+-----
Ice Magic      | 6 7 8 10 11 12 13 | 13.9
Spellcasting   | 4 5 6 9 10 11 | 11.0
Conjurations   | 1 3 4 6 7 |  7.0
Summonings     | 1 3 4 6 7 8 |  8.0
Shields        | 1 2 3 4 7 8 |  8.6
Fighting       | 2 3 4 5 7 |  7.9
Dodging        | 4 5 6 8 9 |  9.3
Translocations | 3 4 |  4.5
Air Magic      | 3 6 7 8 |  8.0
Evocations     | 3 4 5 |  5.5
Stealth        | 4 5 6 |  6.0
Armour         | 3 4 |  4.0

Action                   |  1- 3 |  4- 6 |  7- 9 | 10-12 | 13-15 || total
-------------------------+-------+-------+-------+-------+-------++-------
Melee: Dagger            |    17 |    57 |   266 |       |       ||   340
       Long sword        |       |       |    22 |    72 |    88 ||   182
       Trident           |       |       |       |   597 |   469 ||  1066
 Cast: Freeze            |    26 |    49 |    46 |       |     5 ||   126
       Frozen Ramparts   |       |     9 |    31 |    77 |    65 ||   182
       Summon Ice Beast  |       |       |    14 |    82 |   101 ||   197
       Hailstorm         |       |       |     8 |     8 |    14 ||    30
       Ozocubu's Refrige |       |       |       |     8 |    15 ||    23
       Airstrike         |       |       |       |     4 |    15 ||    19
       Blink             |       |       |       |       |     1 ||     1
Evoke: Wand              |       |       |     1 |    19 |     6 ||    26
       Lightning rod     |       |       |       |       |     3 ||     3
       Box of beasts     |       |       |       |       |     1 ||     1
  Use: Scroll            |       |     5 |    13 |    16 |     8 ||    42
       Potion            |       |     1 |     1 |     2 |     2 ||     6
 Stab: Sleeping          |     2 |     4 |     3 |     5 |     7 ||    21
       Distracted        |       |     1 |     1 |     7 |     6 ||    15
       Paralysed         |       |       |     5 |     6 |     8 ||    19
Armor: Robe              |     4 |     7 |    98 |   213 |   162 ||   484
       Leather armour    |       |       |     4 |       |       ||     4
Dodge: Dodged            |    18 |    48 |   165 |   455 |   311 ||   997
Block: Buckler           |     4 |    21 |    97 |   238 |       ||   360
       Tower shield      |       |       |       |    19 |   415 ||   434
       Rpst.: Long sword |       |       |     3 |    13 |    28 ||    44

Table legend: (Time is in decaauts)
 A = Elapsed time spent in this place.
 B = Non-inter-level travel time spent in this place.
 C = Inter-level travel time spent in this place.
 D = Time resting spent in this place.
 E = Time spent auto-exploring this place.
 F = Levels seen in this place.
 G = Mean time per level.
                   A        B        C        D        E       F      G
               +--------+--------+--------+--------+--------+-----+--------+
         Total |  32599 |  31590 |   1009 |  10138 |  14901 |  22 | 1481.8 |
       Dungeon |  17498 |  16861 |    637 |   4561 |   8818 |  12 | 1458.2 |
          Lair |  11990 |  11670 |    320 |   4439 |   4927 |   6 | 1998.3 |
  Orcish Mines |   2259 |   2208 |     51 |    764 |    945 |   2 | 1129.5 |
        Bailey |    193 |    193 |      0 |     23 |     81 |   1 |  193.0 |
      Gauntlet |    658 |    658 |      0 |    351 |    130 |   1 |  658.0 |
               +--------+--------+--------+--------+--------+-----+--------+

Top non-repeatable levels by time:
  Lair:6: 2792 daAuts
  Lair:3: 2582 daAuts
     D:5: 2161 daAuts
    D:11: 2153 daAuts
  Lair:1: 2015 daAuts
     D:4: 1930 daAuts
    D:12: 1733 daAuts
    D:10: 1677 daAuts
  Lair:2: 1654 daAuts
  Lair:4: 1632 daAuts
     D:2: 1587 daAuts
  Lair:5: 1312 daAuts
   Orc:1: 1259 daAuts
     D:7: 1233 daAuts
     D:8: 1139 daAuts
